 Dungeon Sprint DCSS version 0.18-a0-1057-g88203af (console) character file.

901 FIQ the Fighter (level 7, -2/66 HPs)
             Began as a Demonspawn Gladiator on Jan 12, 2016.
             Was a Believer of Yredelemnul.
             Succumbed to a green ugly thing's poison
             ... in the Dungeon (Sprint IX: "|||||||||||||||||||||||||||||").
             The game lasted 00:02:54 (276 turns).

FIQ the Fighter (Demonspawn Gladiator)               Turns: 276, Time: 00:02:54

Health: -2/66      AC:  6    Str: 18    XL:     7   Next: 80%
Magic:  1/7        EV: 18    Int: 12    God:    Yredelemnul [**....]
Gold:   0          SH:  0    Dex: 16    Spells: 0 memorised, 6 levels left

rFire  . . .     SeeInvis .     a - +0 flail
rCold  . . .     Gourm    .     b - +0 leather armour
rNeg   . . .     Faith    .     (no shield)
rPois  .         Spirit   +     c - +0 helmet
rElec  .         Dismiss  .     (no cloak)
rCorr  .         Reflect  .     r - +0 pair of gloves
SustAt .         Harm     .     q - +0 pair of boots
MR     .....     NoTele   +     (no amulet)
Stlth  +.........               t - +3 ring of intelligence
                                s - +3 ring of strength

@: lethally poisoned (-2 -> -24), exhausted, slowed, invisible, very slow, not
resistant to hostile enchantments, very unstealthy
A: powered by death 2, magic shield, sturdy frame 1
a: Animate Remains, Recall Undead Slaves, Injury Mirror, Renounce Religion


You were in the Dungeon.
You worshipped Yredelemnul.
Yredelemnul was pleased with you.
You were not hungry.

You visited 1 branch

Inventory:

Hand Weapons
 a - a +0 flail (weapon)
Missiles
 d - 3 throwing nets (quivered)
Armour
 b - a +0 leather armour (worn)
 c - a +0 helmet (worn)
 q - a +0 pair of boots (worn)
 r - a +0 pair of gloves (worn)
Jewellery
 s - a +3 ring of strength (left hand)
 t - a +3 ring of intelligence (right hand)
Wands
 p - a wand of fire (7/15)
Scrolls
 k - 2 scrolls of blinking
 n - 3 scrolls of remove curse
 o - 2 scrolls of amnesia
Potions
 e - 3 potions of curing
 i - 4 potions of magic
Comestibles
 f - a bread ration
 l - 7 chunks of flesh


   Skills:
 + Level 10.1 Fighting
 + Level 9.6 Maces & Flails
 - Level 1.7 Throwing
 + Level 9.5 Dodging


You had 6 spell levels left.
You didn't know any spells.

Dungeon Overview and Level Annotations

Branches:
Dungeon (1/1)

Altars:
Cheibriados
Dithmenos
Elyvilon
Fedhas
Gozag
Kikubaaqudgha
Makhleb
Nemelex Xobeh
Okawaru
Pakellas
Qazlal
Ru
Sif Muna
Trog
Vehumet
Xom
Yredelemnul
Zin
The Shining One
Beogh
Jiyva
Lugonu


Innate Abilities, Weirdness & Mutations

You regenerate health from kills.
When hurt, damage is shared between your health and your magic reserves.
Your movements are slightly less encumbered by armour (ER -2).


Message History

You are no longer berserk.
You are exhausted.
You feel yourself slow down.
You feel sick.
The green ugly thing completely misses you.
You barely miss the green ugly thing.
The green ugly thing is severely wounded.
You feel sick. The green ugly thing headbutts you.
You are lethally poisoned!
The green ugly thing poisons you!
You closely miss the green ugly thing.
The green ugly thing is severely wounded.
* * * LOW HITPOINT WARNING * * *
You feel very sick.
The green ugly thing headbutts you but does no damage.
The green ugly thing headbutts you!
* * * LOW HITPOINT WARNING * * *
Drink which item? (? for menu, Esc to quit)
You fade into invisibility!
You die...
Your body rises from the dead as a mindless zombie.

▓[▓
▓.▓
▓.▓
▓)▓
▓.▓
▓.▓
▓.▓
▓.▓
▓.▓
▓.▓
▓@▓
▓u▓
▓y▓
▓h▓
▓F▓
▓.▓
▓.▓
▓+▓


You could see a green ugly thing, a black bear, a vampire mosquito and a giant
frog.

Vanquished Creatures
  A troll (D)
  A two-headed ogre (D)
  A yak (D)
  An orc warrior (D)
  An ogre (D)
  A scorpion (D)
  A killer bee (D)
  A hound (D)
  A worker ant (D)
  An adder (D)
  An orc (D)
  A bat skeleton (D)
  A giant cockroach (D)
  A goblin (D)
  A hobgoblin (D)
  2 bats (D)
  A quokka skeleton (D)
18 creatures vanquished.

Vanquished Creatures (others)
  A spatial maelstrom (D)
1 creature vanquished.

Grand Total: 19 creatures vanquished

Notes
Turn   | Place    | Note
--------------------------------------------------------------
     0 | D        | FIQ the Demonspawn Gladiator began the quest for the Orb.
     0 | D        | Reached XP level 1. HP: 16/16 MP: 1/1
     7 | D        | Banished a spatial maelstrom
    11 | D        | Reached skill level 3 in Maces & Flails
    27 | D        | Noticed a worker ant
    32 | D        | Gained mutation: When hurt, damage is shared between your health and your magic reserves. [demonic ancestry]
    32 | D        | Reached XP level 2. HP: 22/24 MP: 2/2
    44 | D        | Reached skill level 4 in Fighting
    44 | D        | Gained mutation: Your movements are slightly less encumbered by armour (ER -2). [demonic ancestry]
    44 | D        | Reached XP level 3. HP: 20/30 MP: 3/3
    54 | D        | Found a glowing silver altar of Zin.
    54 | D        | Found a glowing golden altar of the Shining One.
    54 | D        | Found an ancient bone altar of Kikubaaqudgha.
    54 | D        | Found a basalt altar of Yredelemnul.
    54 | D        | Found a shimmering altar of Xom.
    54 | D        | Found a radiant altar of Vehumet.
    55 | D        | Found an iron altar of Okawaru.
    56 | D        | Found a burning altar of Makhleb.
    57 | D        | Found a deep blue altar of Sif Muna.
    58 | D        | Found a bloodstained altar of Trog.
    59 | D        | Found a sparkling altar of Nemelex Xobeh.
    62 | D        | Became a worshipper of Yredelemnul the Dark
    63 | D        | Found a white marble altar of Elyvilon.
    64 | D        | Found a roughly hewn altar of Beogh.
    65 | D        | Found a viscous altar of Jiyva.
    66 | D        | Found a corrupted altar of Lugonu.
    67 | D        | Found a blossoming altar of Fedhas.
    68 | D        | Found a snail-covered altar of Cheibriados.
    69 | D        | Found a shadowy altar of Dithmenos.
    70 | D        | Found a stormy altar of Qazlal.
    71 | D        | Found an opulent altar of Gozag.
    72 | D        | Found a sacrificial altar of Ru.
    73 | D        | Found an oddly glowing altar of Pakellas.
   119 | D        | Noticed a killer bee
   119 | D        | Noticed a two-headed ogre
   119 | D        | Noticed a yak
   119 | D        | Noticed an orc warrior
   119 | D        | Noticed an ogre
   137 | D        | Reached skill level 5 in Fighting
   137 | D        | Reached skill level 5 in Maces & Flails
   137 | D        | Gained mutation: You regenerate a little health from kills. [demonic ancestry]
   137 | D        | Reached XP level 4. HP: 18/39 MP: 1/4
   143 | D        | Reached skill level 5 in Dodging
   151 | D        | Killed a two-headed ogre
   151 | D        | Reached * piety under Yredelemnul
   151 | D        | Reached skill level 7 in Fighting
   151 | D        | Reached XP level 5. HP: 23/49 MP: 1/5
   151 | D        | Gained mutation: You regenerate health from kills. [demonic ancestry]
   151 | D        | Reached XP level 6. HP: 26/56 MP: 1/6
   159 | D        | HP: 2/56 [yak (11)]
   169 | D        | Killed a yak
   169 | D        | Reached skill level 8 in Fighting
   184 | D        | Killed an orc warrior
   184 | D        | Reached skill level 9 in Fighting
   184 | D        | Reached XP level 7. HP: 17/64 MP: 0/7
   191 | D        | Reached ** piety under Yredelemnul
   250 | D        | Noticed a troll
   250 | D        | Noticed a vampire mosquito
   250 | D        | Noticed a green ugly thing
   257 | D        | Killed a troll
   257 | D        | Reached skill level 10 in Fighting
   275 | D        | HP: 2/66 [green ugly thing (13)]
   276 | D        | Succumbed to a green ugly thing's poison

Vault maps used:
D:        linesprint

Action                   |  1- 3 |  4- 6 |  7- 9 || total
-------------------------+-------+-------+-------++-------
Melee: Flail             |    46 |    43 |    29 ||   118
  Use: Potion            |     1 |     4 |     3 ||     8
